 Dungeon Crawl Stone Soup version 0.18.1-1-g2f07953 (webtiles) character file.

7829 Neonleon the Cleaver (level 11, -26/101 HPs)
             Began as a Hill Orc Berserker on Aug 30, 2016.
             Was a High Priest of Trog.
             Killed from afar by Erica (31 damage)
             ... with a bolt of poison
             ... on level 10 of the Dungeon on Sept 27, 2016.
             The game lasted 01:07:53 (9016 turns).

Neonleon the Cleaver (Hill Orc Berserker)           Turns: 9016, Time: 01:07:55

Health: -26/101    AC: 14    Str: 24    XL:     11   Next: 21%
Magic:  11/11      EV: 12    Int:  7    God:    Trog [*****.]
Gold:   496        SH:  0    Dex: 10    Spells: 0 memorised, 10 levels left

rFire  + + .     SeeInvis .     o - +3 war axe
rCold  . . .     Gourm    .     m - +2 scale mail of the Gloaming {-Cast +Blink rF++ Slay+3}
rNeg   . . .     Faith    .     (no shield)
rPois  .         Spirit   .     (no helmet)
rElec  .         Dismiss  .     f - +1 cloak
rCorr  .         Reflect  .     q - +0 pair of gloves
SustAt .         Harm     .     (no boots)
MR     .....     NoCast   +     (no amulet)
Stlth  ..........               (no ring)
                                (no ring)

@: lethally poisoned (-26 -> -35), about to teleport, very slightly
contaminated, hasted and slowed, not resistant to hostile enchantments,
extremely unstealthy
A: no striking features
a: Berserk, Trog's Hand, Brothers in Arms, Burn Spellbooks, Renounce Religion,
Evoke Blink


You were on level 10 of the Dungeon.
You worshipped Trog.
Trog was extremely pleased with you.
You were not hungry.

You visited 2 branches of the dungeon, and saw 11 of its levels.
You also visited: Ossuary.

You collected 596 gold pieces.
You spent 100 gold pieces at shops.

Inventory:

Hand Weapons
 o - a +3 war axe (weapon)
 y - a +0 battleaxe
Armour
 f - a +1 cloak (worn)
 g - a +0 plate armour
 m - the +2 scale mail of the Gloaming (worn) {-Cast +Blink rF++ Slay+3}
   (You found it on level 7 of the Dungeon)

   It affects your accuracy and damage with ranged weapons and melee attacks
   (+3).
   It greatly protects you from fire.
   It lets you blink.
   It prevents spellcasting.
 n - the +5 ring mail of Beyond {rC+}
   (You found it on level 8 of the Dungeon)

   It protects you from cold.
 q - a +0 pair of gloves (worn)
Jewellery
 p - an uncursed ring of fire
Wands
 c - a wand of digging (12/24)
 i - a wand of teleportation (5/9)
 t - a wand of random effects (30/48)
Scrolls
 b - a scroll of amnesia
 e - 3 scrolls of remove curse
 l - a scroll of magic mapping
 r - 2 scrolls of teleportation
 u - a scroll of blinking
 v - a scroll of identify
 w - 2 scrolls of fog
Potions
 a - 3 potions of curing
 d - 2 potions of lignification
 j - a potion of flight
 z - a potion of magic {unknown}
Comestibles
 h - 2 meat rations
 k - 2 bread rations


   Skills:
 + Level 10.6 Fighting
 + Level 13.8 Axes
 + Level 9.4 Armour
 + Level 4.9 Dodging
 + Level 1.6 Stealth
 + Level 0.2 Evocations


You had 10 spell levels left.
You didn't know any spells.

Dungeon Overview and Level Annotations

Branches:
Dungeon (10/15)            Temple (1/1) D:4
   Lair: D:8-11         Orc: D:9-12

Altars:
Ashenzari
Cheibriados
Dithmenos
Elyvilon
Fedhas
Gozag
Kikubaaqudgha
Makhleb
Nemelex Xobeh
Okawaru
Qazlal
Ru
Sif Muna
Trog
Vehumet
Xom
Yredelemnul
Zin
The Shining One

Shops:
D:7 *

Annotations:
D:10 Erica


Message History

The yak gores you.
* * * LOW HITPOINT WARNING * * *
Drink which item? (? for menu, Esc to quit)
You feel yourself speed up.
You feel sick. Something hits you but does no damage. The yak gores you!
* * * LOW HITPOINT WARNING * * *
You hear some strange, mumbled words.
You feel as though you will be slow longer.
The yak gores you.
* * * LOW HITPOINT WARNING * * *
You are very lightly contaminated with residual magic.
Something interferes with your magic!
Read which item? (? for menu, Esc to quit)
As you read the scroll of teleportation, it crumbles to dust.
You feel strangely unstable.
You hear some strange, mumbled words.
A bolt of poison appears from out of thin air!
The bolt of poison hits you!
You are lethally poisoned!
You die...

#.......#
#.......#
#.......#
#......##
#......#
#......#
#).....##
###........
#@.........
#.Y........
###......##
#......#
#......#
#......#
#......#
.......


You could see a yak.

Vanquished Creatures
  Psyche (D:9)
  Joseph (D:9)
  2 trolls (D:9)
  A spriggan (D:8)
  11 yaks
  Sigmund (D:2)
  4 hippogriffs
  A steam dragon (D:7)
  An orc warrior (D:6)
  2 ice beasts
  3 sky beasts
  A black bear (D:6)
  7 ogres
  A phantom (D:7)
  4 necrophages
  A big kobold (D:9)
  The ghost of leifrocks2 the Ducker, an amateur SpCK of Xom (D:6)
  5 elf zombies (Ossuary)
  6 giant frogs
  2 scorpions
  2 crimson imps
  3 centaur zombies (Ossuary)
  A wasp zombie (D:8)
  2 giant frog zombies (D:8)
  5 hounds
  4 human zombies (Ossuary)
  A jelly (D:9)
  5 orc priests
  11 orc wizards
  A centaur skeleton (D:9)
  Jessica (D:2)
  An iguana (D:8)
  8 worker ants
  A killer bee zombie (D:8)
  A hound zombie (D:5)
  2 hound skeletons
  3 mummies (Ossuary)
  2 worker ant zombies
  A howler monkey skeleton (D:8)
  8 adders
  3 shadow imps
  An ooze (D:5)
  An adder skeleton (D:7)
  A worm (D:4)
  A dart slug (D:2)
  A giant gecko (D:7)
  38 orcs
  2 ball pythons
  4 bats
  A giant cockroach (D:7)
  3 goblins
  5 hobgoblins
  6 jackals
  7 kobolds
  3 quokkas
  A giant gecko skeleton (D:5)
  5 giant newts
  A quokka zombie (D:8)
  4 rats
  2 plants (D:8)
209 creatures vanquished.

Vanquished Creatures (others)
  A bat (D:1)
  A bush (D:8)
  11 plants (D:8)
13 creatures vanquished.

Grand Total: 222 creatures vanquished

Notes
Turn   | Place    | Note
--------------------------------------------------------------
     0 | D:1      | Neonleon the Hill Orc Berserker began the quest for the Orb.
     0 | D:1      | Reached XP level 1. HP: 19/19 MP: 1/1
   306 | D:1      | Reached XP level 2. HP: 19/27 MP: 2/2
   663 | D:2      | Noticed Jessica
   663 | D:2      | Noticed Sigmund
   686 | D:2      | Killed Jessica
   686 | D:2      | Reached skill level 5 in Axes
   686 | D:2      | Reached XP level 3. HP: 33/33 MP: 3/3
   701 | D:2      | Killed Sigmund
   701 | D:2      | Reached skill level 5 in Fighting
   701 | D:2      | Reached skill level 6 in Axes
   701 | D:2      | Reached XP level 4. HP: 19/42 MP: 4/4
   701 | D:2      | Reached XP level 5. HP: 21/48 MP: 5/5
   988 | D:2      | Reached ** piety under Trog
  1128 | D:3      | Found a burning altar of Makhleb.
  1134 | D:3      | Reached XP level 6. HP: 56/56 MP: 6/6
  1784 | D:4      | Found a white marble altar of Elyvilon.
  1793 | D:4      | Found an iron altar of Okawaru.
  1793 | D:4      | Found a stormy altar of Qazlal.
  1794 | D:4      | Found a bloodstained altar of Trog.
  1795 | D:4      | Found a sacrificial altar of Ru.
  1797 | D:4      | Found an opulent altar of Gozag.
  1798 | D:4      | Found a sparkling altar of Nemelex Xobeh.
  1873 | D:4      | Found a shattered altar of Ashenzari.
  1873 | D:4      | Found a basalt altar of Yredelemnul.
  1893 | D:4      | Reached skill level 7 in Axes
  1937 | D:4      | Found a sand-covered staircase.
  1945 | Ossuary  | Entered an ossuary
  2105 | Ossuary  | Reached XP level 7. HP: 54/62 MP: 7/7
  2381 | Ossuary  | Reached skill level 8 in Axes
  2381 | Ossuary  | Reached skill level 5 in Armour
  2383 | Ossuary  | Reached XP level 8. HP: 47/71 MP: 8/8
  2590 | D:4      | Reached skill level 9 in Axes
  2848 | D:4      | Found a staircase to the Ecumenical Temple.
  3089 | Temple   | Entered the Ecumenical Temple
  3382 | D:5      | Entered Level 5 of the Dungeon
  3458 | D:5      | Reached *** piety under Trog
  3780 | D:4      | Gained mutation: You are covered in fur (AC +1). [potion of beneficial mutation]
  3782 | D:4      | Lost mutation: You are covered in fur (AC +1). [potion of cure mutation]
  3990 | D:5      | Reached skill level 10 in Axes
  3990 | D:5      | Reached XP level 9. HP: 56/79 MP: 9/9
  5250 | D:6      | Reached **** piety under Trog
  5399 | D:6      | Noticed leifrocks2's ghost (amateur SpCK)
  5420 | D:6      | Killed leifrocks2's ghost
  5559 | D:7      | Found Ocvolac's Assorted Antiques.
  5569 | D:7      | Bought a crooked copper wand for 100 gold pieces
  5761 | D:7      | Reached skill level 11 in Axes
  6076 | D:7      | Got a smoking scale mail
  6087 | D:7      | Identified the +2 scale mail of the Gloaming {-Cast +Blink rF++ Slay+3} (You found it on level 7 of the Dungeon)
  6300 | D:8      | Found a blossoming altar of Fedhas.
  6399 | D:8      | Reached XP level 10. HP: 91/91 MP: 10/10
  6624 | D:8      | Reached skill level 1 in Stealth
  6674 | D:8      | Got a heavily runed ring mail
  6685 | D:8      | Identified the +5 ring mail of Beyond {rC+} (You found it on level 8 of the Dungeon)
  6822 | D:8      | Reached skill level 12 in Axes
  7138 | D:9      | Reached ***** piety under Trog
  7797 | D:9      | Reached skill level 13 in Axes
  8113 | D:9      | Reached skill level 10 in Fighting
  8561 | D:9      | Noticed Psyche
  8562 | D:9      | Noticed Joseph
  8568 | D:9      | Killed Psyche
  8568 | D:9      | Reached XP level 11. HP: 65/100 MP: 11/11
  8579 | D:9      | Killed Joseph
  8878 | D:10     | Entered Level 10 of the Dungeon
  8881 | D:10     | Noticed Erica
  9010 | D:10     | Received a gift from Trog
  9015 | D:10     | HP: 5/101 [yak (4)]
  9016 | D:10     | Killed from afar by Erica

Skill      XL: |  1  2  3  4  5  6  7  8  9 10 |
---------------+-------------------------------+-----
Fighting       | 4 5 6 7 9 10 | 10.6
Axes           | 5 6 7 8 10 11 13 | 13.8
Armour         | 3 4 5 6 7 9 |  9.4
Dodging        | 2 3 4 |  4.9
Stealth        | 1 |  1.6
Evocations     | |  0.2

Action                   |  1- 3 |  4- 6 |  7- 9 | 10-12 || total
-------------------------+-------+-------+-------+-------++-------
Melee: Hand axe          |    46 |    94 |       |       ||   140
       War axe           |       |    36 |   389 |   212 ||   637
       Battleaxe         |       |       |    21 |       ||    21
Invok: Berserk           |     2 |       |     3 |     2 ||     7
       Burn Spellbooks   |       |       |       |     1 ||     1
Evoke: Wand              |       |       |       |     1 ||     1
  Use: Scroll            |       |     6 |    10 |     3 ||    19
       Potion            |       |       |    14 |     1 ||    15
  Eat: Pizza             |       |     1 |       |       ||     1
       Bread ration      |       |     1 |     2 |     3 ||     6
       Beef jerky        |       |     1 |     1 |       ||     2
       Meat ration       |       |       |     1 |       ||     1
       Royal jelly       |       |       |     1 |       ||     1
Armor: Chain mail        |    33 |    82 |   150 |       ||   265
       Animal skin       |     1 |       |       |       ||     1
       Plate armour      |       |       |    58 |       ||    58
       Scale mail        |       |       |    10 |    90 ||   100
Dodge: Dodged            |    20 |    49 |   163 |   118 ||   350
